 Dungeon Crawl Stone Soup version 0.23.2-1-ga50397a6bc (webtiles) character file.

Game seed: 2912455661463445844

27195 mzz the Fighter (level 13, -5/85 HPs)
             Began as a Gargoyle Fighter on Apr 15, 2019.
             Was a High Priest of Vehumet.
             Slain by a jumping spider (18 damage)
             ... on level 1 of the Spider Nest on Apr 16, 2019.
             The game lasted 02:17:32 (14456 turns).

mzz the Fighter (Gargoyle Fighter)                 Turns: 14456, Time: 02:17:32

Health: -5/85      AC: 16    Str: 24      XL:     13   Next: 30%
Magic:  19/26      EV:  6    Int:  9 (10) God:    Vehumet [*****.]
Gold:   1032       SH:  0    Dex:  9      Spells: 12/30 levels left

rFire    + . .     SeeInvis .   a - +0 flail
rCold    + . .     Gourm    .   e - +0 buckler {AC+3}
rNeg     + . .     Faith    .   n - +0 leather armour
rPois    ∞         Spirit   .   (helmet restricted)
rElec    +         Reflect  .   K - scarf {rC+ rF+}
rCorr    .         Harm     .   (no gloves)
MR       .....     Rnd*Tele +   (no boots)
Stlth    +.........             w - amulet of regeneration
HPRegen  0.64/turn              m - ring of flight
MPRegen  0.20/turn              y - ring of wizardry

@: held
A: beak, deterioration 1, negative energy resistance 1, electricity resistance,
teleportitis 1, wild magic 1, unbreathing, petrification resistance, rot
immunity, AC +9
a: Renounce Religion, Evoke Flight


You were on level 1 of the Spider Nest.
You worshipped Vehumet.
Vehumet was extremely pleased with you.
You were hungry.

You visited 5 branches of the dungeon, and saw 18 of its levels.

You collected 1032 gold pieces.

Inventory:

Hand Weapons
 a - a +0 flail (weapon)
 k - a +0 hunting sling
 N - a +0 blowgun
Missiles
 x - 44 poisoned needles
 D - 105 sling bullets
Armour
 b - a +0 troll leather armour
 e - a +0 buckler of protection (worn)
 n - a +0 leather armour (worn)
 z - a +0 robe of fire resistance
 K - a scarf of resistance (worn)
 R - a +2 robe of cold resistance
Jewellery
 m - a ring of flight (left hand)
 w - an amulet of regeneration (around neck)
 y - a ring of wizardry (right hand)
 J - an uncursed ring of ice
 X - an uncursed ring of fire
 Y - an uncursed amulet of the gourmand
Wands
 L - a wand of iceblast (5)
 P - a wand of scattershot (5)
 V - a wand of disintegration (9)
Scrolls
 c - a scroll of brand weapon {unknown}
 h - 9 scrolls of remove curse
 i - 4 scrolls of identify
 o - 2 scrolls of enchant armour {unknown}
 p - 3 scrolls of amnesia {unknown}
 s - 2 scrolls of noise {unknown}
 B - a scroll of immolation {unknown}
 C - 2 scrolls of magic mapping {unknown}
 F - 4 scrolls of enchant weapon {unknown}
 G - 4 scrolls of teleportation {unknown}
 H - 2 scrolls of fear
 O - a scroll of silence {unknown}
 Q - a scroll of vulnerability {unknown}
 T - 3 scrolls of random uselessness {unknown}
 Z - 2 scrolls of fog {unknown}
Potions
 d - 2 potions of flight {unknown}
 j - a potion of brilliance
 l - 2 potions of invisibility {unknown}
 q - a potion of berserk rage {unknown}
 r - 3 potions of haste
 t - 4 potions of degeneration {unknown}
 u - a potion of might
 v - 2 potions of agility {unknown}
 A - 3 potions of heal wounds
 E - 3 potions of magic {unknown}
 I - 3 potions of curing {unknown}
 M - 2 potions of lignification {unknown}
 S - 2 potions of resistance {unknown}
 U - a potion of cancellation {unknown}
 W - a potion of ambrosia {unknown}
Comestibles
 f - 22 rations
 g - 2 chunks of flesh


   Skills:
 + Level 11.7 Fighting
 - Level 9.0 Maces & Flails
 - Level 3.3 Slings
 - Level 5.1 Armour
 + Level 2.4 Dodging
 - Level 5.2 Shields
 + Level 9.0 Spellcasting
 + Level 10.0 Conjurations
 - Level 3.2 Hexes
 + Level 7.0 Fire Magic
 - Level 1.0 Ice Magic
 - Level 4.1 Poison Magic


You had 12 spell levels left.
You knew the following spells:

 Your Spells              Type           Power        Failure   Level  Hunger
a - Sting                 Conj/Pois      ###.         1%          1    None
b - Freeze                Ice            #...         2%          1    None
c - Conjure Flame         Conj/Fire      ####....     1%          3    ###....
d - Confuse               Hex            ##......     9%          3    ###....
e - Sticky Flame          Conj/Fire      ####....     1%          4    ####...
f - Bolt of Fire          Conj/Fire      ####......   12%         6    #######

Your spell library contained the following spells:

 Spells                   Type           Power        Failure   Level  Hunger
 Flame Tongue             Conj/Fire      ####.        1%          1    None
 Throw Flame              Conj/Fire      ####..       1%          2    #......
 Dazzling Spray           Conj/Hex       ###...       1%          3    ###....
 Inner Flame              Hex/Fire       ###.....     1%          3    ###....
 Fireball                 Conj/Fire      ####......   2%          5    ######.
 Corona                   Hex            ##.....      3%          1    None
 Ensorcelled Hibernation  Hex/Ice        ##....       7%          2    #......
 Tukima's Dance           Hex            ##......     9%          3    ###....
 Beastly Appendage        Tmut           #.....       11%         1    None
 Spider Form              Tmut/Pois      ##........   13%         3    ###....
 Sticks to Snakes         Tmut           #.......     14%         2    #......
 Ice Form                 Ice/Tmut       #.......     54%         4    ####...
 Blade Hands              Tmut           #.........   89%         5    ######.


Dungeon Overview and Level Annotations

Branches:
Dungeon (11/15)            Temple (1/1) D:5            Lair (4/6) D:8
 Spider (1/4) Lair:2          Orc (1/2) D:10
  Swamp: Lair:2-4    Shoals: Lair:2-4

Altars:
Ashenzari
Cheibriados
Dithmenos
Elyvilon
Fedhas
Gozag
Hepliaklqana
Kikubaaqudgha
Makhleb
Nemelex Xobeh
Okawaru
Qazlal
Ru
Sif Muna
Trog
Uskayaw
Vehumet
Wu Jian
Xom
Yredelemnul
Zin
The Shining One

Annotations:
Lair:4 Nessos


Innate Abilities, Weirdness & Mutations

You are resistant to torment.
Your stone body is resilient. (AC +9)
You are immune to poison.
You resist negative energy. (rN+)
You are resistant to electric shocks. (rElec)
You can survive without breathing.
You are immune to petrification.
You are immune to rotting.
You have a beak for a mouth.
Your body sometimes deteriorates upon taking damage.
You are occasionally teleported next to monsters.
Your spells are a little harder to cast, but a little more powerful.


Message History

Aim: a jumping spider (heavily wounded, berserk, fast, unusually strong, covered in liquid flames, clinging)
The sticky flame hits the jumping spider.
The jumping spider is heavily wounded.
The jumping spider is covered in liquid flames!
You are feeling hungry.
The jumping spider burns!
The jumping spider pounces on you!
* * * LOW HITPOINT WARNING * * *
Your body deteriorates!
You feel dopey.
You are caught in a web!
The jumping spider bites you but does no damage.
The jumping spider pounces on you.
* * * LOW HITPOINT WARNING * * *
The jumping spider bites you.
* * * LOW HITPOINT WARNING * * *
You struggle to detach yourself from the web.
The jumping spider burns!
The jumping spider pounces on you but does no damage.
The jumping spider bites you but does no damage.
The jumping spider pounces on you!!
You die...

## .. .### #..
.#.# #..#
###...# ##
#..##..... .#
##$......##
.###
#(...>#...#
...###
#####[..#
.....#
######.#@s.#..#
#
#....#....###.#
# #..#....###
## # ##.#..#.#
#....### ##..##
##..# #..##
###..^#


You could see a jumping spider (berserk).

Vanquished Creatures
  Fannar (D:10)
  A hydra (Lair:2)
  A two-headed ogre (D:10)
  The ghost of Freyura the Cruncher, a novice DsGl of Qazlal (D:8)
  2 death yaks (Lair:4)
  An orc knight (D:10)
  An orc sorcerer (Orc:1)
  A cyclops (D:8)
  A moth of wrath (Spider:1)
  2 orb spiders (Spider:1)
  3 elephants (Lair:4)
  A black mamba (Lair:2)
  2 torpor snails (Lair:4)
  6 spiny frogs
  12 komodo dragons
  A troll (Orc:1)
  Grinder (D:5)
  A hornet (Lair:3)
  4 hippogriffs
  A wraith (D:10)
  Sigmund (D:2)
  8 redbacks
  15 yaks
  A tarantella (Spider:1)
  2 wyverns
  3 basilisks (Lair:2)
  A warg (D:10)
  5 water moccasins
  4 porcupines
  12 orc warriors
  A hornet zombie (D:6)
  4 ice beasts
  3 sky beasts
  A phantom (D:8)
  2 black bears
  A centaur (D:10)
  6 ogres
  4 crocodiles
  A big kobold (D:10)
  7 bullfrogs
  A scorpion (D:9)
  2 wyvern skeletons (D:9)
  23 killer bees
  10 wights
  7 howler monkeys
  4 crimson imps
  2 centaur zombies (D:10)
  8 hounds
  A quasit (D:9)
  3 jellies
  18 orc wizards
  A centaur skeleton (D:9)
  4 orc priests
  9 iguanas
  8 worker ants
  Natasha (D:2)
  A hound zombie (D:8)
  A hound skeleton (D:8)
  A worker ant zombie (D:10)
  3 gnolls (D:2)
  15 adders
  A howler monkey skeleton (D:8)
  6 shadow imps
  An adder skeleton (D:8)
  5 worms
  3 dart slugs
  5 leopard geckos
  49 orcs
  9 giant cockroaches
  8 hobgoblins
  5 jackals (D:1)
  13 kobolds
  5 quokkas
  3 ball pythons
  5 bats
  4 frilled lizards
  12 goblins
  A jackal zombie (D:8)
  A leopard gecko zombie (D:8)
  3 rats
388 creatures vanquished.

Vanquished Creatures (others)
  5 dream sheep (Lair:4)
  16 fungi
  6 plants
27 creatures vanquished.

Grand Total: 415 creatures vanquished

Notes
Turn   | Place    | Note
-------+----------+-------------------------------------------
     0 | D:1      | mzz the Gargoyle Fighter began the quest for the Orb.
     0 | D:1      | Reached XP level 1. HP: 14/14 MP: 1/1
    91 | D:1      | Reached XP level 2. HP: 9/19 MP: 2/2
   295 | D:1      | Reached XP level 3. HP: 20/23 MP: 3/3
   741 | D:2      | Noticed Sigmund
   757 | D:2      | Killed Sigmund
   757 | D:2      | Reached skill level 4 in Fighting
   757 | D:2      | Reached XP level 4. HP: 25/30 MP: 4/4
   757 | D:2      | Reached XP level 5. HP: 29/34 MP: 5/5
   977 | D:2      | Reached XP level 6. HP: 36/39 MP: 6/6
  1177 | D:2      | Noticed Natasha
  1184 | D:2      | Killed Natasha
  1366 | D:3      | Reached skill level 5 in Fighting
  1407 | D:3      | Found a blossoming altar of Fedhas.
  1426 | D:3      | Reached skill level 5 in Shields
  1706 | D:3      | Noticed an orc warrior
  1887 | D:3      | Killed an orc warrior
  1887 | D:3      | Reached XP level 7. HP: 13/45 MP: 7/7
  2285 | D:4      | Reached skill level 6 in Fighting
  2296 | D:4      | Reached skill level 5 in Maces & Flails
  2533 | D:4      | Reached skill level 1 in Slings
  2744 | D:5      | Entered Level 5 of the Dungeon
  2853 | D:5      | Reached XP level 8. HP: 13/52 MP: 8/8
  2917 | D:5      | Noticed Grinder
  2990 | D:5      | Found a staircase to the Ecumenical Temple.
  3041 | D:5      | Paralysed by Grinder for 2 turns
  3056 | D:5      | Killed Grinder
  3056 | D:5      | Reached skill level 7 in Fighting
  3091 | Temple   | Entered the Ecumenical Temple
  3194 | Temple   | Became a worshipper of Vehumet
  3467 | D:5      | Reached skill level 1 in Spellcasting
  3688 | D:6      | Found a white marble altar of Elyvilon.
  3797 | D:6      | Reached XP level 9. HP: 59/59 MP: 11/11
  3874 | D:6      | Reached skill level 8 in Fighting
  4288 | D:6      | Reached * piety under Vehumet
  4288 | D:6      | Offered knowledge of Sting by Vehumet.
  4291 | D:6      | Learned a level 1 spell: Sting
  4378 | D:7      | Found a burning altar of Makhleb.
  4401 | D:7      | Reached skill level 1 in Conjurations
  4445 | D:7      | Reached skill level 1 in Poison Magic
  4639 | D:7      | Found an ornate altar of the Wu Jian Council.
  4640 | D:7      | Found a hazy altar of Hepliaklqana.
  5337 | D:7      | Found a stormy altar of Qazlal.
  5609 | D:7      | Reached XP level 10. HP: 40/65 MP: 16/16
  5670 | D:8      | Offered knowledge of Freeze by Vehumet.
  5673 | D:8      | Learned a level 1 spell: Freeze
  5707 | D:7      | Reached ** piety under Vehumet
  5962 | D:8      | Noticed a cyclops
  6216 | D:8      | Killed a cyclops
  6216 | D:8      | Reached skill level 9 in Fighting
  6324 | D:8      | Reached skill level 5 in Armour
  6363 | D:8      | Found a staircase to the Lair.
  6394 | D:8      | Offered knowledge of Conjure Flame by Vehumet.
  6394 | D:8      | Reached skill level 1 in Ice Magic
  6399 | D:8      | Learned a level 3 spell: Conjure Flame
  6407 | D:8      | Found a runed translucent door.
  6408 | D:8      | Noticed Freyura's ghost (novice DsGl)
  6492 | D:8      | Killed Freyura's ghost
  6492 | D:8      | Reached skill level 5 in Spellcasting
  6492 | D:8      | Reached skill level 5 in Conjurations
  6492 | D:8      | Reached skill level 1 in Fire Magic
  6662 | Lair:1   | Entered Level 1 of the Lair of Beasts
  7519 | Lair:1   | HP: 3/66 [komodo dragon (14)]
  7984 | D:9      | Reached XP level 11. HP: 49/71 MP: 19/19
  8224 | D:9      | Reached *** piety under Vehumet
  8838 | D:9      | Offered knowledge of Throw Icicle by Vehumet.
  8843 | D:9      | Learned a level 3 spell: Confuse
  8991 | D:10     | Entered Level 10 of the Dungeon
  9053 | D:10     | Found a staircase to the Orcish Mines.
  9124 | D:9      | Reached skill level 1 in Hexes
  9205 | D:10     | Noticed Fannar
  9459 | D:10     | Noticed a two-headed ogre
  9481 | D:10     | Killed a two-headed ogre
  9555 | D:10     | Reached **** piety under Vehumet
 10251 | D:10     | Killed Fannar
 10251 | D:10     | Offered knowledge of Sticky Flame by Vehumet.
 10398 | Orc:1    | Entered Level 1 of the Orcish Mines
 10499 | D:10     | Learned a level 4 spell: Sticky Flame
 10514 | Orc:1    | Noticed an orc knight
 10594 | D:10     | Killed an orc knight
 10765 | Orc:1    | Noticed an orc sorcerer
 10768 | Orc:1    | Paralysed by an orc sorcerer for 4 turns
 10776 | Orc:1    | Killed an orc sorcerer
 10776 | Orc:1    | Reached skill level 10 in Fighting
 10940 | Orc:1    | Noticed an orc sorcerer
 11156 | Lair:2   | Reached XP level 12. HP: 30/77 MP: 18/22
 11284 | Lair:2   | Reached ***** piety under Vehumet
 11380 | Lair:2   | Noticed a seven-headed hydra
 11403 | Lair:2   | Killed a seven-headed hydra
 11403 | Lair:2   | Offered knowledge of Bolt of Fire by Vehumet.
 11411 | Lair:2   | Learned a level 6 spell: Bolt of Fire
 11437 | Lair:2   | Found a hole to the Spider Nest.
 11535 | Lair:2   | Reached skill level 5 in Fire Magic
 11802 | Lair:2   | You fall through a shaft!
 11879 | Lair:3   | Reached skill level 11 in Fighting
 12934 | Lair:4   | Noticed a death yak
 13072 | Lair:4   | Killed a death yak
 13072 | Lair:4   | Reached skill level 1 in Dodging
 13120 | Lair:4   | Found a shimmering altar of Xom.
 13226 | Lair:4   | Reached XP level 13. HP: 46/84 MP: 2/25
 13512 | Lair:4   | Noticed Nessos
 13936 | Lair:2   | Gained mutation: Your body sometimes deteriorates upon
                  | taking damage. [potion of mutation]
 13936 | Lair:2   | Gained mutation: Your spells are a little harder to cast,
                  | but a little more powerful. [potion of mutation]
 13936 | Lair:2   | Gained mutation: You are occasionally teleported next to
                  | monsters. [potion of mutation]
 13936 | Lair:2   | Gained mutation: You have a beak for a mouth. [potion of
                  | mutation]
 14313 | Spider:1 | Entered Level 1 of the Spider Nest
 14384 | Spider:1 | Reached skill level 10 in Conjurations
 14456 | Spider:1 | Slain by a jumping spider

Skill      XL: |  1  2  3  4  5  6  7  8  9 10 11 12 13 |
---------------+----------------------------------------+-----
Fighting       | 4 5 6 7 8 9 10 11 | 11.7
Maces & Flails | 3 4 5 6 7 8 9 |  9.0
Shields        | 4 5 |  5.2
Slings         | 1 3 |  3.3
Spellcasting   | 1 4 5 7 8 9 |  9.0
Conjurations   | 3 5 7 9 10 | 10.0
Poison Magic   | 3 4 |  4.1
Armour         | 4 5 |  5.1
Ice Magic      | 1 |  1.0
Fire Magic     | 2 4 6 7 |  7.0
Hexes          | 3 |  3.2
Dodging        | 1 2 |  2.4

Action                   |  1- 3 |  4- 6 |  7- 9 | 10-12 | 13-15 || total
-------------------------+-------+-------+-------+-------+-------++-------
Melee: Flail             |   150 |   146 |   561 |  1030 |    60 ||  1947
       Peck              |       |       |       |       |     4 ||     4
 Fire: Hunting sling     |       |       |    41 |    39 |       ||    80
       Blowgun           |       |       |     5 |    42 |       ||    47
 Cast: Sting             |       |       |     3 |    81 |    34 ||   118
       Conjure Flame     |       |       |       |    27 |     2 ||    29
       Confuse           |       |       |       |    17 |       ||    17
       Sticky Flame      |       |       |       |    80 |    21 ||   101
Evoke: Wand              |       |       |     4 |     7 |       ||    11
  Use: Potion            |     1 |       |       |     3 |     1 ||     5
       Scroll            |       |       |       |    15 |     3 ||    18
 Stab: Confused          |       |       |       |     1 |       ||     1
  Eat: Chunk             |       |     4 |    13 |    37 |     7 ||    61
       Ration            |       |       |       |     2 |       ||     2
Armor: Scale mail        |    64 |       |       |       |       ||    64
       Leather armour    |    13 |    50 |   241 |   554 |    49 ||   907
Dodge: Dodged            |    64 |    54 |   289 |   638 |    46 ||  1091
Block: Shield            |    28 |       |       |       |       ||    28
       Buckler           |    24 |    23 |    90 |   224 |    21 ||   382
